 Dungeon Crawl Stone Soup version 0.17-a0-870-gcb215c1 (webtiles) character file.

835 inmateoo the Grave Robber (level 7, 0/32 HPs)
             Began as a Vine Stalker Necromancer on Apr 29, 2015.
             Slain by an iguana (9 damage)
             ... on level 5 of the Dungeon.
             The game lasted 00:08:59 (3084 turns).

inmateoo the Grave Robber (VSNe)                    Turns: 3084, Time: 00:09:00

Health: 0/32       AC:  4    Str: 14    XL:     7   Next: 99%
Magic:  0/13       EV: 13    Int: 16    God:
Gold:   129        SH:  0    Dex: 15    Spells: 3 memorised, 5 levels left

rFire  . . .     SeeInvis .     m - +5 mace "Kiss" {venom, rN+}
rCold  . . .     Clarity  .     a - +1 robe
rNeg   + . .     SustAb   .     (no shield)
rPois  .         Gourm    .     (no helmet)
rElec  .         Spirit   +     (no cloak)
rCorr  .         Warding  .     (no gloves)
rMut   .         Stasis   .     (no boots)
MR     .....                    o - amulet of regeneration
Stlth  +++.......               (no ring)
                                g - +3 ring of strength

@: not resistant to hostile enchantments, fairly stealthy
A: fangs 2, regeneration 2, shaggy fur 1, magic shield, antimagic bite, no
device heal 3, rot immunity
a: no special abilities


You were on level 5 of the Dungeon.
You were not hungry.

You visited 1 branch of the dungeon, and saw 5 of its levels.

You collected 259 gold pieces.
You spent 130 gold pieces at shops.

Inventory:

Hand weapons
 m - the +5 mace "Kiss" (weapon) {venom, rN+}
   (You found it on level 4 of the Dungeon)

   It poisons the flesh of those it strikes.
   It protects you from negative energy.
 t - a +2 dagger of speed
Armour
 a - a +1 robe (worn)
Jewellery
 g - a +3 ring of strength (left hand)
 o - an amulet of regeneration (around neck)
Magical devices
 d - a wand of fire (7)
Scrolls
 f - 4 scrolls of identify
 j - a scroll of blinking {unknown}
 l - a scroll of teleportation
 n - a scroll of fog {unknown}
Potions
 e - 3 potions of curing
 h - a potion of cure mutation
 k - 3 potions of might
 r - a potion of agility
 u - a potion of heal wounds
Books
 b - a book of Necromancy

   Spells                             Type                      Level
   a - Pain                           Necromancy                   1
   b - Animate Skeleton               Necromancy                   1
   c - Vampiric Draining              Necromancy                   3
   d - Regeneration                   Charms/Necromancy            3
   e - Animate Dead                   Necromancy                   4
   f - Control Undead                 Necromancy                   4
Comestibles
 c - 4 bread rations
 i - 2 meat rations
 p - 2 slices of pizza
 q - a chunk of flesh
 s - 4 fruits


   Skills:
 + Level 2.9 Short Blades
 + Level 3.4 Dodging
 + Level 5.0 Stealth
 + Level 3.9 Spellcasting
 * Level 6.4 Necromancy


You had 5 spell levels left.
You knew the following spells:

 Your Spells              Type           Power        Failure   Level  Hunger
a - Pain                  Necr           ###.         1%          1    None
b - Regeneration          Chrm/Necr      ##........   14%         3    ###....
c - Animate Dead          Necr           N/A          14%         4    ####...


Dungeon Overview and Level Annotations

Branches:
Dungeon (5/15)
 Temple: D:4-7

Altars:
Sif Muna
Yredelemnul

Shops:
D:4 *


Innate Abilities, Weirdness & Mutations

You have extremely sharp teeth.
You heal very quickly.
You are covered in fur (AC +1).
When hurt, damage is shared between your health and your magic reserves.
Your bite disrupts and absorbs the magic of your enemies.
Potions and wands cannot restore your health.
You are immune to rotting.


Message History

You continue eating. x2
You start resting.
HP restored.
There is a stone staircase leading up, spattered with blood here.
An iguana comes into view.
Found a scale mail.
The iguana hisses angrily.
The iguana barely misses you.
You closely miss the iguana. The iguana bites you.
You closely miss the iguana. The iguana bites you! The iguana bites you!
You hit the iguana but do no damage.
The iguana is poisoned.
You bite the iguana, but do no damage. The iguana bites you.
The iguana hisses menacingly.
The iguana looks more healthy.
You closely miss the iguana. You bite the iguana, but do no damage.
The iguana is severely wounded.
The iguana bites you!
* * * LOW HITPOINT WARNING * * *
The iguana bites you!
You die...

#..... #.......
##........
#.......<..
#...........
#............
#............
#............
#@.<).........
#l............
#.............
#..............
#...............
#................
#.................
#(................
#.................


You could see an iguana.

Vanquished Creatures
  A troll (D:4)
  2 ogres (D:4)
  The ghost of tesudzi the Sneak, an average DsAs of Ru (D:3)
  A giant frog skeleton (D:4)
  2 centaur skeletons (D:4)
  3 worker ants
  6 adders
  An ooze (D:2)
  3 worms (D:2)
  5 orcs
  3 ball pythons
  A bat skeleton (D:4)
  9 giant cockroaches
  9 goblins
  6 hobgoblins
  2 jackals (D:2)
  10 kobolds
  9 bats
  8 giant newts
  11 rats
93 creatures vanquished.

Vanquished Creatures (collateral kills)
  An ogre (D:4)
  An adder (D:4)
2 creatures vanquished.

Grand Total: 95 creatures vanquished

Notes
Turn   | Place    | Note
--------------------------------------------------------------
     0 | D:1      | inmateoo, the Vine Stalker Necromancer, began the quest for the Orb.
     0 | D:1      | Reached XP level 1. HP: 9/9 MP: 4/4
   142 | D:1      | Reached XP level 2. HP: 10/13 MP: 0/6
   616 | D:2      | Reached XP level 3. HP: 16/16 MP: 5/7
   705 | D:2      | Learned a level 3 spell: Regeneration
   793 | D:2      | Found a deep blue altar of Sif Muna.
  1140 | D:2      | Reached XP level 4. HP: 17/21 MP: 3/8
  1685 | D:3      | Noticed tesudzi's ghost (average DsAs)
  1747 | D:3      | Found a basalt altar of Yredelemnul.
  1793 | D:3      | Reached skill level 1 in Short Blades
  1880 | D:3      | Reached XP level 5. HP: 20/24 MP: 0/10
  2084 | D:3      | Reached skill level 5 in Necromancy
  2239 | D:3      | Learned a level 4 spell: Animate Dead
  2297 | D:3      | Killed tesudzi's ghost
  2437 | D:4      | Gained mutation: You heal very quickly. [Vine Stalker growth]
  2437 | D:4      | Reached XP level 6. HP: 28/28 MP: 8/11
  2455 | D:4      | Got a scorched mace
  2456 | D:4      | Identified the +5 mace "Kiss" {venom, rN+} (You found it on level 4 of the Dungeon)
  2495 | D:4      | Noticed an ogre
  2500 | D:4      | Found Fyoxzinn's General Store.
  2560 | D:4      | Bought a potion of might for 52 gold pieces
  2560 | D:4      | Bought a potion of agility for 52 gold pieces
  2560 | D:4      | Bought a scroll of identify for 26 gold pieces
  2570 | D:4      | Killed an ogre
  2599 | D:4      | Noticed an ogre
  2642 | D:4      | Killed an ogre
  2642 | D:4      | Reached XP level 7. HP: 32/32 MP: 5/13
  2738 | D:4      | Noticed an ogre
  2756 | D:4      | Killed an ogre
  2756 | D:4      | Reached skill level 6 in Necromancy
  2929 | D:5      | Entered Level 5 of the Dungeon
  2929 | D:5      | Noticed a troll
  2950 | D:4      | Killed a troll
  2950 | D:4      | Reached skill level 5 in Stealth
  3084 | D:5      | Slain by an iguana

Action                   |  1- 3 |  4- 6 |  7- 9 || total
-------------------------+-------+-------+-------++-------
Melee: Unarmed           |     6 |       |       ||     6
       Dagger            |    27 |    66 |       ||    93
       Mace              |       |    25 |    41 ||    66
 Cast: Pain              |    56 |    48 |       ||   104
       Regeneration      |     1 |       |     2 ||     3
       Animate Dead      |       |     1 |       ||     1
  Use: Scroll            |       |     9 |       ||     9
 Stab: Sleeping          |     1 |     2 |     1 ||     4
       Distracted        |       |     1 |       ||     1
  Eat: Chunk             |     1 |     6 |     3 ||    10
